 Dungeon Crawl Stone Soup version 0.28.0-53-g5a82cb258f (webtiles) character file.

Game seed: 17140009865078568492

1521537 fictitious the Sorcerer (level 27, 203/203 HPs)
             Began as a Djinni Cinder Acolyte on May 23, 2022.
             Was a Follower of Ignis.
             Escaped with the Orb
             ... and 3 runes on May 24, 2022!
             The game lasted 07:18:55 (82856 turns).

fictitious the Sorcerer (Djinni Cinder Acolyte)    Turns: 82856, Time: 07:18:56

Health: 203/203    AC: 15    Str:  8    XL:     27
Gold:   1979       EV: 39    Int: 44    God:    Ignis [*.....] SH: 20 Dex: 30

rFire   + + +      SeeInvis .   V - staff of cold {!a}
rCold   + . .      Faith    .   r - +2 kite shield {rC+}
rNeg    . . .      Spirit   .   v - +0 robe of Winter {MP-9 Int+10 Dex+10 Stlth+}
rPois   ∞          Reflect  .   W - +2 hat {Int+3}
rElec   +          Harm     .   U - +2 cloak {rCorr}
rCorr   +          Rampage  .   w - +2 pair of gloves {Dex+3}
Will    +++++                   (boots unavailable)
Stlth   ++........              N - amulet of Xupp {rElec Regen+}
HPRegen 1.23/turn               t - ring of Getheit {*Corrode Will+++ Str-5 Int+6 Dex+3}
MPRegen 0.00/turn               Z - +4 ring of protection

@: flying, studying 2 skills
A: sickness immunity, fire resistance 2, cold vulnerability 1, float, innate
caster, HP casting, extra vitality 1, beak, clever 1, clumsy 1
0: Orb of Zot
}: 3/15 runes: serpentine, barnacled, silver
a: Renounce Religion, Fiery Armour, Foxfire Swarm


You escaped.
You worshipped Ignis.
Ignis was aware of your devotion.
You visited 9 branches of the dungeon, and saw 48 of its levels.
You visited 2 bazaars.
You also visited: Bailey and Gauntlet.

You collected 10384 gold pieces.
You spent 8405 gold pieces at shops.

Inventory:

Hand Weapons
 a - the +7 dagger of the Fulmar {drain, Will+ Int+5}
   (You found it on level 1 of the Lair of Beasts)

   A truly terrible weapon, it drains the life of any living foe it strikes.
   Int:       It affects your intelligence (+5).
   Will:      It increases your willpower.
 j - the +6 Majin-Bo {vamp, MP+6 Int+6}
   (You found it on level 4 of the Vaults)

   It occasionally heals its wielder for a portion of the damage dealt when they
   wound a living foe with it or with a spell.
   Its wielder's spells cost health as well as magical power.
   Int:       It affects your intelligence (+6).
   MP:        It affects your magic capacity (+6).
 y - the +8 hand crossbow of Jer Geni {vorpal, *Corrode rElec rN+++ Stlth+}
   (You found it on level 6 of the Lair of Beasts)

   Any ammunition fired from it inflicts extra damage upon your enemies.
   rElec:     It insulates you from electricity.
   rN:        It renders you almost immune to negative energy.
   *Corrode:  It may corrode you when you take damage.
   Stlth:     It makes you more stealthy.
Missiles
 K - 9 throwing nets
Armour
 k - a +2 helmet
 r - a +2 kite shield of cold resistance (worn)
 v - the +0 robe of Winter (worn) {MP-9 Int+10 Dex+10 Stlth+}
   (You bought it in a shop on level 1 of the Shoals)

   Int:       It affects your intelligence (+10).
   Dex:       It affects your dexterity (+10).
   MP:        It affects your magic capacity (-9).
   Stlth:     It makes you more stealthy.
 w - a +2 pair of gloves of dexterity (worn)
 D - a +2 cloak of willpower
 U - a +2 cloak of preservation (worn)
 W - a +2 hat of intelligence (worn)
Magical Staves
 b - a staff of air {!a}
 V - a staff of cold (weapon) {!a}
Jewellery
 l - a +4 ring of protection
 t - the ring of Getheit (left hand) {*Corrode Will+++ Str-5 Int+6 Dex+3}
   (You found it on level 1 of the Shoals)

   [ring of intelligence]

   Str:       It affects your strength (-5).
   Int:       It affects your intelligence (+6).
   Dex:       It affects your dexterity (+3).
   *Corrode:  It may corrode you when you take damage.
   Will:      It greatly increases your willpower.
 E - a ring of resist corrosion
 N - the amulet of Xupp (around neck) {rElec Regen+}
   (You acquired it on level 1 of the Shoals)

   [amulet of regeneration]

   rElec:     It insulates you from electricity.
   Regen:     It increases your rate of health regeneration.
 O - a ring of ice
 Y - a ring of see invisible
 Z - a +4 ring of protection (right hand)
Wands
 A - a wand of acid (12)
 B - a wand of iceblast (31)
 G - a wand of mindburst (48)
 H - a wand of paralysis (2)
 I - a wand of digging (16)
 M - a wand of polymorph (27)
Scrolls
 c - 7 scrolls of brand weapon {!r}
 f - 5 scrolls of summoning
 g - 5 scrolls of silence
 i - 6 scrolls of immolation
 m - 6 scrolls of blinking {!r}
 o - 2 scrolls of holy word
 p - 19 scrolls of teleportation
 q - 3 scrolls of fog
 C - a scroll of magic mapping
 F - 9 scrolls of fear
Potions
 d - 4 potions of invisibility
 e - 7 potions of cancellation
 h - 7 potions of resistance
 n - 12 potions of mutation {!q}
 u - a potion of brilliance
 J - 5 potions of heal wounds
 P - 21 potions of curing
 Q - 2 potions of haste {!q}
 R - 3 potions of ambrosia
Miscellaneous
 s - a phantom mirror
 x - a phial of floods
 L - a lightning rod (4/4)
 T - a box of beasts
 X - a tin of tremorstones (2/2)


   Skills:
 + Level 19.4 Fighting
 - Level 4.0 Short Blades
 - Level 8.2 Armour
 + Level 23.7 Dodging
 - Level 8.0 Stealth
 - Level 18.0 Shields
 * Level 24.8 Spellcasting
 - Level 8.0 Evocations


You had one spell level left.
You knew the following spells:

 Your Spells              Type           Power      Damage    Failure   Level
a - Scorch                Fire           100%       2d10      0%          2
b - Summon Ice Beast      Ice/Summ       100%       N/A       0%          4
c - Lightning Bolt        Conj/Air       67%        1d91      0%          5
d - Tukima's Dance        Hex            100%       N/A       0%          3
e - Static Discharge      Conj/Air       100%       N/A       0%          2
f - Freezing Cloud        Conj/Ice/Air   80%        6-21      0%          5
g - Ozocubu's Refrigerat  Ice            80%        4d21      0%          7
h - Animate Skeleton      Necr           100%       N/A       0%          1
i - Disjunction           Tloc           67%        N/A       1%          8
j - Shatter               Erth           67%        3d49*     1%          9
q - Summon Cactus Giant   Summ           67%        N/A       0%          6
w - Conjure Ball Lightni  Conj/Air       67%        3x3d25    0%          6
x - Maxwell's Capacitive  Air            67%        ∞         1%          8
y - Borgnjor's Revivific  Necr           67%        N/A       1%          8
Your spell library was empty.

Dungeon Overview and Level Annotations

Branches:
Dungeon (15/15)            Temple (0/1) D:6            Lair (6/6) D:11
 Shoals (4/4) Lair:3        Snake (4/4) Lair:2        Slime (0/5) Lair:6
    Orc (2/2) D:12            Elf (3/3) Orc:2        Vaults (5/5) D:14
  Crypt (0/3) Vaults:2     Depths (4/4) D:15            Zot (5/5) Depths:4
 Bailey (visited)         Gauntlet (visited)

Altars:
Ashenzari
Elyvilon
Gozag
Hepliaklqana
Okawaru
Sif Muna
Wu Jian
Beogh
Lugonu

Shops:
D:5 !   D:6 *   D:14 [   Orc:2 [*[?:   Elf:2 [   Elf:3 :   Shoals:1 !![![
Shoals:2 ?   Snake:3 *?(?   Vaults:1 (   Vaults:3 [   Vaults:4 =((
Depths:2 *([:   Depths:4 ?([(

Portals:
Hell: Depths:1 Depths:2 Depths:3 Depths:4
Abyss: Depths:1 Depths:3
Pandemonium: Orc:2 Depths:2 Depths:4
Ziggurat: Depths:2

Annotations:
Elf:2 2 runed translucent doors
Depths:3 exclusion: downstairs


Innate Abilities, Weirdness & Mutations

You are immune to sickness and miasma.
You are immune to poison.
Your flesh is very heat resistant. (rF++)
You are vulnerable to cold. (rC-)
You float through the air rather than walking.
You learn spells naturally, not from books.
Your magical power is your life essence.
You have superior vitality. (+4 MHP)
You have a beak for a mouth.
Your mind is acute. (Int +2)
You are clumsy. (Dex -2)


Message History

Aiming: Dig
Press: ? - help, Shift-Dir - straight line A rock wall.
This square is covered in magical glow.
The rock shatters into small pieces.
There is a stone staircase leading up here.
You fly upwards.
There is a stone staircase leading down here.
(D) Dungeon (T) Temple (L) Lair (A) Shoals (P) Snake Pit (M) Slime Pits (O) Orcish Mines (E) Elven Halls (V) Vaults (C) Crypt (U) Depths (H) Hell (Z) Zot
Where to? (Enter - D:1 @ (x,y), ? - help)
You see here a +0 whip.
A toenail golem comes into view.
Casting: Lightning Bolt (safe; 0% risk of failure)
Confirm with . or Enter, or press ? or * to list all spells.
The dungeon rumbles!
You destroy the toenail golem!
Ka-crash!
There is a stone staircase leading up here.
You fly upwards.
There is a stone staircase leading down here.
(D) Dungeon (T) Temple (L) Lair (A) Shoals (P) Snake Pit (M) Slime Pits (O) Orcish Mines (E) Elven Halls (V) Vaults (C) Crypt (U) Depths (H) Hell (Z) Zot
Where to? (Enter - D:1 @ (x,y), ? - help)
A great orb of eyes comes into view.
There is a stone staircase leading up here.
(D) Dungeon (T) Temple (L) Lair (A) Shoals (P) Snake Pit (M) Slime Pits (O) Orcish Mines (E) Elven Halls (V) Vaults (C) Crypt (U) Depths (H) Hell (Z) Zot
Where to? (Enter - D:1 @ (x,y), ? - help)
There is a stone staircase leading up here.
You fly upwards.
There is a stone staircase leading down here.
There is a staircase leading out of the dungeon here.
You have escaped!

###### ### .....## #.Z
......# #.# ......#
####### #..
......######.....######
###
......................#
#
.......######...@.....#
# .......# #.........#
# ...#...# #.........#
.......# #....8....#
##.##### #.....♣...#
#.# #.........# #.#
#.........# #.#
#.........# #.#
###########


There were no monsters in sight!

Vanquished Creatures
  3 dread liches
  An ancient lich (Vaults:5)
  5 orbs of fire (Zot:5)
  A juggernaut (Depths:4)
  5 Killer Klowns (Zot:5)
  Xtahua (Vaults:2)
  Boris (Depths:4)
  A curse toe (Zot:5)
  8 caustic shrikes
  3 golden dragons
  Nikola (Snake:3)
  2 hellephants
  2 electric golems (Zot:5)
  Jorgrun (D:15)
  7 tentacled monstrosities
  27 Orb Guardians
  2 deep elf blademasters (Elf:3)
  A walking earthen tome (Depths:4)
  5 liches
  4 quicksilver dragons
  The ghost of aChris07 the Warrior, an adept HOMo of Beogh (Shoals:1)
  6 titans
  A deep elf master archer (Elf:3)
  A kraken (Shoals:2)
  5 death cobs
  Polyphemus (Shoals:3)
  10 sphinxes
  5 shadow dragons
  Kirke (Shoals:3)
  11 tengu reavers
  12 storm dragons
  5 frost giants
  5 draconian monks
  6 nagarajas
  2 draconian knights
  6 deep elf sorcerers
  Aizul (Snake:2)
  5 fire giants
  An iron dragon (Depths:4)
  3 draconian scorchers
  A ghost moth (Zot:5)
  2 caustic shrike zombies (Depths:1)
  22 vault wardens
  7 draconian stormcallers
  2 war gargoyles
  4 spriggan defenders (Depths:4)
  A deep elf elementalist (Elf:3)
  19 ironbound preservers
  6 ironbound thunderhulks
  A reaper (Depths:2)
  5 draconian annihilators
  14 very ugly things
  14 stone giants
  4 black draconians
  A vampire knight (Depths:3)
  12 deep elf demonologists
  4 green draconians
  12 red draconians
  3 minotaurs
  9 purple draconians
  8 deep elf annihilators
  5 spark wasps (Depths:4)
  An entropy weaver (Gauntlet)
  6 white draconians
  7 dire elephants
  8 yellow draconians
  5 deep elf death magi
  8 merfolk impalers
  11 ettins
  4 merfolk javelineers
  4 fire dragons
  A spectral kraken (Shoals:1)
  24 yaktaur captains
  A great orb of eyes (shapeshifter) (D:14)
  10 deep elf high priests
  2 jiangshi (Depths:4)
  5 great orbs of eyes
  6 ice dragons
  4 rakshasas
  2 salamander tyrants (Snake:2)
  3 spriggan air magi
  A boulder beetle (Vaults:4)
  12 hydras
  A caustic shrike simulacrum (Depths:2)
  3 ogre magi
  2 merfolk avatars
  4 peacekeepers
  35 vault guards
  4 catoblepae
  A catoblepas (shapeshifter) (D:15)
  15 naga warriors
  The ghost of nickcage the Severer, a journeyman DsAK of Lugonu (D:10)
  10 satyrs
  3 hell beasts
  2 demonspawn (Orc:2)
  11 ironbound frosthearts
  15 centaur warriors
  13 anacondas
  3 merfolk aquamancers
  4 death knights
  12 two-headed ogres
  7 deep troll earth magi
  9 naga sharpshooters
  4 death yaks (Shoals:3)
  7 deep troll shamans
  6 tengu warriors
  6 orc high priests
  2 shock serpents
  2 vampire magi (Depths:4)
  9 deep elf knights
  A spriggan berserker (Depths:3)
  A soul eater (Orc:2)
  9 hell knights
  10 iron trolls
  5 salamander mystics
  A goliath frog (Lair:6)
  A spark wasp zombie (Depths:2)
  A shadow wraith (Vaults:2)
  3 sixfirhies
  62 deep trolls
  2 skeletal warriors
  6 sea snakes
  A deep troll (shapeshifter) (Elf:2)
  5 glowing orange brains
  4 naga ritualists
  3 flayed ghosts
  16 deep elf archers
  A shadow demon (D:4)
  2 tengu zombies (Vaults:2)
  10 wizards
  5 necromancers
  3 large abominations (Depths:1)
  4 phantasmal warriors
  19 ironbound convokers
  8 lindwurms
  A shadow dragon zombie (Depths:1)
  A sphinx zombie (Depths:2)
  5 orc knights
  A frost giant zombie (Depths:1)
  15 fauns
  9 mana vipers
  An oklob plant (Shoals:1)
  7 orc sorcerers
  28 deep elf pyromancers
  19 deep elf zephyrmancers
  31 ugly things
  22 salamanders
  20 harpies
  A wolf spider (Gauntlet)
  18 cyclopes
  A worldbinder (Gauntlet)
  12 manticores
  A fire giant zombie (Depths:2)
  8 merfolk sirens
  10 moths of wrath
  A toenail golem (D:3)
  11 guardian serpents
  4 smoke demons
  23 black mambas
  An eye of devastation (shapeshifter) (Vaults:5)
  7 elephants
  11 naga magi
  The ghost of Shockd the Magician, a novice DEFE (D:6)
  4 dancing weapons
  21 vault sentinels
  5 water nymphs
  13 cane toads
  A torpor snail (shapeshifter) (Vaults:4)
  An orange demon (Zot:5)
  3 spectral sea snakes (Shoals:1)
  58 yaktaurs
  5 unseen horrors (Depths:1)
  A spriggan zombie (Depths:1)
  A cane toad (shapeshifter) (D:14)
  10 komodo dragons
  6 rime drakes (Lair:6)
  A freezing wraith (D:14)
  A tengu conjurer (Depths:4)
  A golden dragon simulacrum (Depths:2)
  2 hellwings (Zot:5)
  A queen bee (D:15)
  2 trolls (D:10)
  A wind drake (Shoals:2)
  A red devil (Depths:4)
  2 polar bears
  28 merfolk
  6 meliai
  5 hornets
  Grinder (D:3)
  19 blink frogs
  A tyrant leech (shapeshifter) (Vaults:3)
  10 dream sheep
  3 tyrant leeches (Lair:6)
  A meliai zombie (D:11)
  10 snapping turtles
  An ettin zombie (Depths:1)
  A stone giant simulacrum (Depths:1)
  A jumping spider (Gauntlet)
  23 water elementals
  5 air elementals
  57 slime creatures
  2 culicivoras (shapeshifter)
  A shadow (D:10)
  4 spriggans
  Sigmund (D:3)
  A spriggan skeleton (Depths:1)
  An elf simulacrum (Vaults:2)
  2 wraiths
  9 wyverns
  5 humans (Orc:2)
  5 vampire mosquitoes
  A hog (shapeshifter) (D:14)
  6 basilisks
  4 hogs (Shoals:3)
  22 yaks
  2 fire elementals
  4 chaos spawn
  7 redbacks
  4 steam dragons
  52 nagas
  2 wargs (Orc:2)
  A spectral snapping turtle (Shoals:1)
  13 water moccasins
  An acid dragon (Lair:6)
  A hornet zombie (D:8)
  33 orc warriors
  9 ogres
  A sky beast (D:6)
  5 black bears
  An ice beast (D:5)
  3 boggarts (Gauntlet)
  A necrophage (D:5)
  9 centaurs
  4 small abominations (Depths:1)
  A wolf (shapeshifter) (Depths:3)
  38 wolves
  5 elf zombies (Elf:1)
  19 bullfrogs
  8 kobold brigands (D:6)
  A scorpion (D:6)
  A human zombie (Vaults:2)
  20 killer bees
  16 wights
  5 howler monkeys
  6 electric eels
  A lava snake (D:10)
  3 centaur zombies
  3 hounds
  26 orc priests
  Crazy Yiuf (D:3)
  A jelly (D:5)
  2 iguanas
  2 gnoll shamans
  6 hell rats (Lair:6)
  13 orc wizards
  2 hound skeletons
  A howler monkey zombie (D:10)
  A howler monkey skeleton (D:6)
  12 gnolls
  3 adders
  3 shadow imps
  2 white imps (Gauntlet)
  3 nameless horrors
  2 adder skeletons
  A worm (D:2)
  3 dart slugs
  68 orcs
  7 ball pythons
  7 endoplasms
  2 giant cockroaches
  13 goblins
  7 hobgoblins
  12 jackals
  4 quokkas
  6 bats
  3 frilled lizards
  22 kobolds
  A quokka skeleton (D:4)
  3 rats (D:1)
  3 tentacles (Shoals:2)
1993 creatures vanquished.

Vanquished Creatures (collateral kills)
  An ancient lich (Zot:5)
  Vashnia (Snake:4)
  2 tentacled monstrosities
  A deep elf blademaster (Elf:3)
  A kraken (Shoals:3)
  Agnes (Snake:2)
  A nagaraja (Snake:2)
  A deep elf sorcerer (Elf:3)
  A war gargoyle (Vaults:3)
  3 merfolk impalers
  3 hydras
  A salamander tyrant (Snake:2)
  A boulder beetle (Lair:5)
  5 naga warriors
  3 anacondas
  10 dancing weapons
  2 shock serpents
  A naga sharpshooter (Snake:2)
  An iron troll (Depths:1)
  6 salamander mystics
  4 skeletal warriors (D:12)
  2 sea snakes
  A flayed ghost (D:10)
  2 naga ritualists (Snake:1)
  2 phantasmal warriors
  A deep elf zephyrmancer (Elf:3)
  7 mana vipers
  2 orc knights (Orc:2)
  2 ugly things (Depths:1)
  2 deep elf pyromancers (Elf:3)
  2 orc sorcerers (Orc:2)
  A tengu skeleton (Vaults:2)
  3 cyclopes
  2 salamanders
  A faun (Shoals:2)
  A merfolk siren (Shoals:2)
  Maurice (Orc:1)
  A guardian serpent (Snake:2)
  12 black mambas
  2 naga magi
  4 cane toads
  A rime drake (Lair:5)
  A komodo dragon (Lair:3)
  A troll (D:9)
  4 blink frogs
  11 merfolk
  8 snapping turtles
  A vampire (D:12)
  2 wraiths
  A wyvern (Lair:6)
  A hog (Shoals:3)
  6 yaks
  A warg (Orc:1)
  A water moccasin (Lair:5)
  7 nagas
  7 orc warriors
  An ogre (Orc:1)
  3 wolves
  A nameless horror (Lair:6)
  4 kobold brigands
  A bullfrog (Lair:5)
  2 gnoll sergeants
  3 earth elementals
  2 wights
  A howler monkey (D:9)
  A lava snake (D:10)
  An orc priest (D:9)
  A hound (D:5)
  2 orc wizards
  13 gnolls
  14 orcs
  An endoplasm (D:2)
  A rat (D:1)
  19 ball lightnings
  A tentacle (Shoals:3)
226 creatures vanquished.

Vanquished Creatures (others)
  An unseen horror (D:12)
  13 dancing weapons
  An orc warrior (Orc:2)
  An iguana (D:6)
  335 ball lightnings
  14 demonic plants (Gauntlet)
  51 fungi
  248 plants
  8 tentacles
672 creatures vanquished.

Grand Total: 2891 creatures vanquished

Notes
Turn   | Place    | Note
-------+----------+-------------------------------------------
     0 | D:1      | fictitious the Djinni Cinder Acolyte began the quest for
                  | the Orb.
     0 | D:1      | Reached XP level 1. HP: 20/20 MP: 0/0
   603 | D:1      | Reached XP level 2. HP: 17/25 MP: 0/0
  1089 | D:1      | Reached XP level 3. HP: 18/30 MP: 0/0
  1089 | D:1      | Learned a level 1 spell: Animate Skeleton
  2089 | D:2      | Reached XP level 4. HP: 32/35 MP: 0/0
  2543 | D:2      | Reached skill level 3 in Spellcasting
  3402 | D:3      | Reached XP level 5. HP: 37/40 MP: 0/0
  3402 | D:3      | Learned a level 2 spell: Static Discharge
  3655 | D:3      | Noticed Grinder
  3695 | D:3      | Killed Grinder
  3696 | D:3      | Reached skill level 4 in Spellcasting
  3696 | D:3      | Reached XP level 6. HP: 35/46 MP: 0/0
  3882 | D:3      | Noticed Sigmund
  3984 | D:4      | Noticed a water moccasin
  3988 | D:4      | Killed a water moccasin
  3989 | D:4      | Reached skill level 5 in Spellcasting
  3989 | D:4      | Reached XP level 7. HP: 39/50 MP: 0/0
  3989 | D:4      | Learned a level 3 spell: Tukima's Dance
  4917 | D:5      | Entered Level 5 of the Dungeon
  5056 | D:5      | Reached skill level 1 in Dodging
  5130 | D:5      | Found Qiovowen's Distillery.
  5135 | D:5      | Reached skill level 1 in Armour
  5144 | D:5      | Bought a potion of heal wounds for 60 gold pieces
  5178 | D:5      | Reached XP level 8. HP: 40/56 MP: 0/0
  5515 | D:5      | Reached skill level 6 in Spellcasting
  5944 | D:5      | Bought a potion of brilliance for 48 gold pieces
  5954 | D:6      | Found a runed translucent gate.
  6303 | D:6      | Found a staircase to the Ecumenical Temple.
  6497 | D:6      | Reached XP level 9. HP: 57/63 MP: 0/0
  6497 | D:6      | Learned a level 4 spell: Summon Ice Beast
  6855 | D:6      | Found Quasel's CLEARANCE SALE!.
  6863 | D:6      | Bought a scroll of immolation for 10 gold pieces
  6863 | D:6      | Bought a +4 ring mail of cold resistance for 93 gold pieces
  6938 | D:6      | Found a runed translucent gate.
  6938 | D:6      | Noticed Shockd's ghost (novice DEFE)
  6940 | D:6      | Found a runed translucent gate.
  7177 | D:7      | Reached skill level 7 in Spellcasting
  7368 | D:7      | Reached skill level 5 in Fighting
  8965 | D:8      | Reached skill level 5 in Dodging
  8965 | D:8      | Reached XP level 10. HP: 63/71 MP: 0/0
  9295 | D:8      | Found a flagged portal.
  9333 | Bailey   | Entered a bailey
  9704 | Bailey   | Noticed an orc knight
  9704 | Bailey   | Noticed an orc knight
  9729 | Bailey   | Killed an orc knight
  9730 | Bailey   | Reached skill level 5 in Armour
  9730 | Bailey   | Reached skill level 8 in Spellcasting
  9756 | Bailey   | Killed an orc knight
 11425 | D:9      | Reached skill level 9 in Spellcasting
 11426 | D:9      | Reached XP level 11. HP: 67/76 MP: 0/0
 11426 | D:9      | Learned a level 5 spell: Freezing Cloud
 11737 | D:9      | Found a broken altar of Ashenzari.
 12297 | D:9      | You are sucked into a shaft and drop 2 floors!
 12399 | D:10     | Entered Level 10 of the Dungeon
 12457 | D:10     | Noticed a two-headed ogre
 12464 | D:10     | Noticed a flayed ghost
 13038 | D:9      | Noticed a purple ugly thing
 13043 | D:9      | Killed a purple ugly thing
 13113 | D:9      | Noticed a two-headed ogre
 13118 | D:9      | Killed a two-headed ogre
 13522 | D:10     | Killed a flayed ghost
 13821 | D:10     | Found a transporter.
 13850 | D:10     | Noticed a deep elf pyromancer
 13983 | D:10     | Noticed an ogre mage
 14063 | D:5      | Bought 2 potions of heal wounds for 120 gold pieces
 14063 | D:5      | Bought a potion of curing for 36 gold pieces
 14347 | D:10     | Noticed nickcage's ghost (journeyman DsAK)
 14531 | D:10     | Reached skill level 10 in Spellcasting
 14620 | D:10     | Killed a two-headed ogre
 14686 | D:10     | Found a transporter.
 15112 | D:11     | Noticed a seven-headed hydra
 15127 | D:11     | Killed a seven-headed hydra
 15363 | D:11     | Found a staircase to the Lair.
 15377 | D:11     | Noticed a cyclops
 15603 | D:11     | Killed a cyclops
 15871 | D:11     | Noticed a four-headed hydra
 15875 | D:11     | Killed a four-headed hydra
 15876 | D:11     | Reached XP level 12. HP: 75/83 MP: 0/0
 16197 | D:3      | Killed Sigmund
 16318 | D:3      | Found a runed translucent door.
 16319 | D:3      | Noticed Crazy Yiuf
 16327 | D:3      | Killed Crazy Yiuf
 16619 | D:5      | Bought 2 potions of might for 96 gold pieces
 16619 | D:5      | Bought a potion of lignification for 36 gold pieces
 16707 | Lair:1   | Entered Level 1 of the Lair of Beasts
 16912 | Lair:1   | Reached skill level 1 in Shields
 17216 | Lair:1   | Identified the +7 dagger of the Fulmar {drain, Will+ Int+5}
 17696 | Lair:1   | Identified the +6 long sword "Noavext" {vorpal, rElec
                  | Str+6}
 18153 | Lair:1   | Reached skill level 11 in Spellcasting
 19338 | Lair:2   | Found a staircase to the Snake Pit.
 19597 | Lair:2   | Identified the +2 great mace "Zifru" {holy, Stlth+}
 20007 | Lair:3   | Reached skill level 10 in Dodging
 20007 | Lair:3   | Reached XP level 13. HP: 76/90 MP: 0/0
 20007 | Lair:3   | Learned a level 5 spell: Lightning Bolt
 20008 | Lair:3   | Reached skill level 1 in Evocations
 20018 | Lair:3   | Noticed a four-headed hydra
 20024 | Lair:3   | Killed a four-headed hydra
 20747 | Lair:3   | Found a staircase to the Shoals.
 20826 | Lair:3   | Noticed a four-headed hydra
 20831 | Lair:3   | Killed a four-headed hydra
 20832 | Lair:3   | Reached skill level 5 in Shields
 21268 | Lair:4   | Noticed a four-headed hydra
 21275 | Lair:4   | Killed a four-headed hydra
 21377 | Lair:4   | Noticed a four-headed hydra
 21381 | Lair:4   | Killed a four-headed hydra
 21710 | Lair:4   | Noticed a catoblepas
 21716 | Lair:4   | Killed a catoblepas
 21717 | Lair:4   | Reached skill level 5 in Evocations
 23152 | Lair:5   | Noticed a five-headed hydra
 23157 | Lair:5   | Killed a five-headed hydra
 23347 | Lair:5   | Noticed a seven-headed hydra
 23353 | Lair:5   | Killed a seven-headed hydra
 23354 | Lair:5   | Reached XP level 14. HP: 83/99 MP: 0/0
 24786 | Lair:6   | Entered Level 6 of the Lair of Beasts
 24937 | Lair:6   | Reached skill level 12 in Spellcasting
 25916 | Lair:6   | Found a staircase to the Slime Pits.
 27564 | Lair:6   | Reached XP level 15. HP: 89/107 MP: 0/0
 27564 | Lair:6   | Learned a level 6 spell: Summon Cactus Giant
 27777 | Lair:6   | Reached skill level 10 in Fighting
 28056 | Lair:6   | Identified the +11 whip of Exquisite Torment {vorpal,
                  | Int+2}
 28063 | Lair:6   | Identified the +8 hand crossbow of Jer Geni {vorpal,
                  | *Corrode rElec rN+++ Stlth+}
 28846 | D:12     | Found a staircase to the Orcish Mines.
 30082 | D:12     | Reached skill level 13 in Spellcasting
 30082 | D:12     | Reached XP level 16. HP: 113/113 MP: 0/0
 30232 | D:12     | Found a hazy altar of Hepliaklqana.
 31193 | Orc:1    | Entered Level 1 of the Orcish Mines
 31519 | Orc:1    | Noticed Maurice
 31525 | Orc:1    | Killed Maurice
 31794 | Orc:2    | Entered Level 2 of the Orcish Mines
 32215 | Orc:2    | Found a gateway to a bazaar.
 32337 | Orc:2    | Found a staircase to the Elven Halls.
 33956 | Orc:2    | Found Kinyxas's Magic Scroll Emporium.
 33957 | Orc:2    | Found Sipyss's General Store.
 34202 | Orc:2    | Found Meneraph's Antique Armour Shoppe.
 34307 | Orc:2    | Bought a scroll of enchant armour for 97 gold pieces
 34307 | Orc:2    | Bought a scroll of identify for 26 gold pieces
 34322 | Orc:2    | Bought a scroll of blinking for 127 gold pieces
 34322 | Orc:2    | Bought a scroll of teleportation for 51 gold pieces
 34322 | Orc:2    | Bought a scroll of fear for 59 gold pieces
 34322 | Orc:2    | Bought a scroll of fear for 59 gold pieces
 35927 | Orc:2    | Found Jetyn's Book Shop.
 35927 | Orc:2    | Found Bimylive's Antique Armour Boutique.
 35928 | Orc:2    | Found a one-way gate leading to the halls of Pandemonium.
 36236 | Bazaar   | Entered a bazaar
 36241 | Bazaar   | Found Jeiwk's Jewellery Shop.
 36266 | Bazaar   | Found Geoxog's Book Shop.
 36346 | Orc:2    | Bought an embroidered hat for 217 gold pieces
 36398 | Orc:2    | Bought a shimmering chain mail for 351 gold pieces
 36398 | Orc:2    | Identified the +0 chain mail of Morality {Fly Dex+3} (You
                  | bought it in a shop on level 2 of the Orcish Mines)
 36769 | Shoals:1 | Entered Level 1 of the Shoals
 36949 | Shoals:1 | Found Nusufr Yssuf's Antique Armour Shop.
 37031 | Shoals:1 | Found Elesogy's Distillery.
 37034 | Shoals:1 | Found Bohur's Distillery.
 37037 | Shoals:1 | Bought a potion of heal wounds for 90 gold pieces
 37100 | Shoals:1 | Bought a potion of heal wounds for 65 gold pieces
 37159 | Shoals:1 | Found Duor's Antique Armour Boutique.
 37169 | Shoals:1 | Reached skill level 10 in Shields
 37170 | Shoals:1 | Bought a shimmering robe for 165 gold pieces
 37170 | Shoals:1 | Identified the +0 robe of Winter {MP-9 Int+10 Dex+10
                  | Stlth+} (You bought it in a shop on level 1 of the Shoals)
 37170 | Shoals:1 | Bought a faintly humming leather armour for 203 gold pieces
 37170 | Shoals:1 | Identified the +0 leather armour "Kothrenuu" {Str+4 Dex+6}
                  | (You bought it in a shop on level 1 of the Shoals)
 37180 | Shoals:1 | Found a transporter.
 37182 | Shoals:1 | Found a transporter.
 37184 | Shoals:1 | Noticed aChris07's ghost (adept HOMo)
 37207 | Shoals:1 | Reached XP level 17. HP: 74/121 MP: 0/0
 37207 | Shoals:1 | Learned a level 7 spell: Ozocubu's Refrigeration
 37660 | Shoals:1 | Identified the +2 pair of boots of Lesser Demons {rPois
                  | Dex+4}
 38071 | Shoals:1 | Identified a scroll of acquirement
 38072 | Shoals:1 | Acquired the amulet of Xupp {rElec Regen+}
 38163 | Shoals:1 | Found Mouroivvomu's Distillery.
 38173 | Shoals:1 | Found a white marble altar of Elyvilon.
 38727 | Shoals:2 | Noticed a kraken
 38737 | Shoals:2 | Killed a kraken
 38886 | Shoals:2 | Reached skill level 14 in Spellcasting
 39181 | Shoals:2 | Found a frozen archway.
 39598 | Shoals:2 | Found Neskon's Magic Scroll Shop.
 39606 | Shoals:2 | Bought a scroll of teleportation for 51 gold pieces
 40488 | Shoals:3 | Noticed a titan
 40503 | Shoals:3 | Killed a titan
 40555 | Shoals:3 | Noticed Kirke
 40607 | Shoals:3 | Killed Kirke
 40753 | Shoals:3 | Noticed Polyphemus
 40766 | Shoals:3 | Killed Polyphemus
 40869 | Shoals:3 | Reached XP level 18. HP: 118/128 MP: 0/0
 41369 | Shoals:3 | Noticed a kraken
 41379 | Shoals:3 | Killed a kraken
 41718 | Snake:1  | Entered Level 1 of the Snake Pit
 42170 | Snake:1  | Reached skill level 15 in Spellcasting
 42678 | Snake:2  | Reached skill level 15 in Shields
 43443 | Snake:2  | Noticed Aizul
 43455 | Snake:2  | Noticed Agnes
 43961 | Snake:2  | Killed Aizul
 44436 | Snake:2  | Killed Agnes
 45357 | Snake:2  | Reached XP level 19. HP: 116/133 MP: 0/0
 45357 | Snake:2  | Learned a level 6 spell: Conjure Ball Lightning
 45498 | Snake:3  | Reached skill level 16 in Spellcasting
 45530 | Snake:3  | Found Xuasasag's Assorted Antiques.
 45642 | Snake:3  | Found Nicah's Magic Scroll Boutique.
 45763 | Snake:3  | Bought 3 scrolls labelled LYN MOURAL for 96 gold pieces
 45763 | Snake:3  | Bought a scroll of teleportation for 96 gold pieces
 45763 | Snake:3  | Bought 2 potions of curing for 192 gold pieces
 46069 | Snake:3  | Reached skill level 15 in Dodging
 46137 | Snake:3  | Found Wyt Zali's Antique Weapon Shop.
 46287 | Snake:3  | Found Cuiruek's Magic Scroll Boutique.
 46312 | Snake:3  | Noticed Nikola
 46623 | Snake:3  | Killed Nikola
 47146 | Snake:3  | Bought a scroll of enchant armour for 142 gold pieces
 47147 | Snake:3  | Bought a scroll of identify for 38 gold pieces
 47166 | Snake:4  | Entered Level 4 of the Snake Pit
 47313 | Snake:4  | Identified the +1 robe of the Hills {rElec Will+ Int-2}
 48235 | Snake:4  | Noticed Vashnia
 48246 | Snake:4  | Killed Vashnia
 48619 | Snake:4  | Reached XP level 20. HP: 142/142 MP: 0/0
 48723 | Snake:4  | Got a serpentine rune of Zot
 48898 | Snake:4  | Reached skill level 17 in Spellcasting
 49471 | Shoals:4 | Entered Level 4 of the Shoals
 50498 | Shoals:4 | Got a barnacled rune of Zot
 51098 | Snake:3  | Bought a scroll of acquirement for 728 gold pieces
 51098 | Snake:3  | Acquired 1217 gold pieces
 51164 | Snake:3  | Bought a scroll of blinking for 142 gold pieces
 51164 | Snake:3  | Bought 3 scrolls of blinking for 427 gold pieces
 51164 | Snake:3  | Bought 2 scrolls of blinking for 285 gold pieces
 51164 | Snake:3  | Bought a scroll of teleportation for 57 gold pieces
 51164 | Snake:3  | Bought a scroll of teleportation for 57 gold pieces
 51224 | Snake:3  | Bought a scroll of teleportation for 42 gold pieces
 51482 | Elf:1    | Entered Level 1 of the Elven Halls
 51704 | Elf:1    | Paralysed by an air elemental for 1 turns
 52775 | Elf:1    | Identified the +0 long sword "Qusoatt" {speed, Int+4}
 52900 | Elf:2    | Found a flickering gateway to a bazaar.
 52934 | Bazaar   | Entered a bazaar
 52934 | Bazaar   | Found Veurieci's Magic Scroll Emporium.
 52934 | Bazaar   | Found Syss's General Store.
 52934 | Bazaar   | Found Isounkie's Jewellery Shoppe.
 52934 | Bazaar   | Found Cajoggum's Magic Scroll Emporium.
 52934 | Bazaar   | Found Medism's Antique Armour Emporium.
 52954 | Bazaar   | Bought a scroll of enchant armour for 105 gold pieces
 52956 | Bazaar   | Bought a scroll of magic mapping for 35 gold pieces
 52956 | Bazaar   | Bought a potion of cancellation for 80 gold pieces
 52956 | Bazaar   | Bought a potion of brilliance for 40 gold pieces
 52962 | Bazaar   | Bought a scroll of fear for 49 gold pieces
 53103 | Elf:2    | Reached XP level 21. HP: 150/150 MP: 0/0
 53103 | Elf:2    | Learned a level 8 spell: Disjunction
 53268 | Elf:2    | Reached skill level 18 in Spellcasting
 53443 | Elf:2    | Found Maciw Keco's Antique Armour Shop.
 53665 | Elf:2    | Found a runed translucent door.
 53683 | Elf:2    | Found a runed translucent door.
 53730 | Elf:3    | Entered Level 3 of the Elven Halls
 54138 | Elf:3    | Found Iwofeol's Book Boutique.
 55013 | Elf:3    | Identified the amulet "Lizacoeb" {RegenMP Int+2}
 55055 | Elf:3    | Identified the +2 mace "Ruoplar" {pain, rN+}
 55538 | Elf:3    | Identified the +6 hunting sling of Subterfuge {venom, rN+
                  | Will- Int+4 SInv}
 56024 | D:6      | Killed Shockd's ghost
 56117 | D:10     | Killed nickcage's ghost
 56497 | Shoals:1 | Killed aChris07's ghost
 56517 | Shoals:1 | Identified the +0 pair of gloves "Tisarch" {rElec rF- rN+}
 56519 | Shoals:1 | Identified the ring of Getheit {*Corrode Will+++ Str-5
                  | Int+6 Dex+3}
 56792 | D:13     | Found a gate leading to a gauntlet.
 56801 | Gauntlet | Entered a Gauntlet
 56801 | Gauntlet | Found a transporter.
 56801 | Gauntlet | Found a transporter.
 56805 | Gauntlet | Found a transporter.
 56815 | Gauntlet | Found a transporter.
 56825 | Gauntlet | Found a transporter.
 56825 | Gauntlet | Found a transporter.
 56829 | Gauntlet | Found a transporter.
 56866 | Gauntlet | Found a transporter.
 56873 | Gauntlet | Found a transporter.
 56892 | Gauntlet | Found a transporter.
 56943 | Gauntlet | Found a transporter.
 56953 | Gauntlet | Found a transporter.
 56970 | Gauntlet | Found a transporter.
 57055 | Gauntlet | Found a transporter.
 57070 | Gauntlet | Found a transporter.
 57086 | Gauntlet | Found a transporter.
 57308 | Gauntlet | Identified the -5 cloak of Polytheism {Int-3 Dex+8}
 57336 | Gauntlet | Reached XP level 22. HP: 147/159 MP: 0/0
 57389 | Gauntlet | Identified the +6 battleaxe of Plunder {vorpal, rF+ rN++
                  | Dex-2 SInv}
 57389 | Gauntlet | Identified the +8 arbalest "Cateurem" {elec, Str+2 Stlth+}
 57389 | Gauntlet | Identified the amulet of Waohifom {Spirit rC- Str+3 Int+4}
 57797 | D:13     | Reached skill level 19 in Spellcasting
 58380 | D:14     | Reached skill level 1 in Stealth
 58506 | D:14     | Found a gate to the Vaults.
 58680 | D:14     | Found Posmutz's Antique Armour Shoppe.
 58855 | D:15     | Entered Level 15 of the Dungeon
 59048 | D:15     | Identified the +6 scale mail of the Gastropod {Slay+2}
 59174 | D:15     | Noticed Jorgrun
 59182 | D:15     | Killed Jorgrun
 59485 | D:15     | Reached skill level 15 in Fighting
 59535 | D:15     | Found a staircase to the Depths.
 59854 | Vaults:1 | Entered Level 1 of the Vaults
 60707 | Vaults:1 | Reached skill level 5 in Stealth
 61223 | Vaults:1 | Found Peurrue's Antique Weapon Shop.
 61688 | Vaults:1 | Reached XP level 23. HP: 148/166 MP: 0/0
 61688 | Vaults:1 | Learned a level 8 spell: Borgnjor's Revivification
 61957 | Vaults:1 | Identified the +5 short sword of Jyannu {protect, rPois}
 62274 | Vaults:2 | Identified the ring "Kyesam" {rC+ Dex+4 Slay+3}
 62745 | Vaults:2 | Identified the +1 chain mail of Mohiffop {rF- Int+5}
 63254 | Vaults:2 | Identified the +0 scale mail of the Unbroken {rN+}
 63379 | Vaults:2 | Found a staircase to the Crypt.
 63509 | Vaults:2 | Noticed Xtahua
 63513 | Vaults:2 | Killed Xtahua
 64398 | Vaults:3 | Found Mepromi's Armour Emporium.
 64517 | Vaults:3 | Reached skill level 20 in Spellcasting
 65622 | Vaults:3 | Reached XP level 24. HP: 135/175 MP: 0/0
 65722 | Vaults:3 | Found the +8 glaive of the Guard {elec, spectral, AC+5}
 65926 | Vaults:4 | Found Qogut's Jewellery Emporium.
 66070 | Vaults:4 | Found the +6 Majin-Bo {vamp, MP+6 Int+6}
 66467 | Vaults:4 | Found Plog's Antique Weapon Emporium.
 67302 | Vaults:4 | Found Fitez's Weapon Emporium.
 67749 | Depths:1 | Entered Level 1 of the Depths
 67952 | Depths:1 | Found a one-way gate to the infinite horrors of the Abyss.
 68445 | Depths:1 | Found a gateway to Hell.
 68752 | Depths:1 | Reached XP level 25. HP: 171/183 MP: 0/0
 68752 | Depths:1 | Learned a level 8 spell: Maxwell's Capacitive Coupling
 68955 | Depths:2 | Found a one-way gateway to a ziggurat.
 69038 | Depths:2 | Found Gozag's Antique Weapon Shoppe.
 69043 | Depths:2 | Reached skill level 21 in Spellcasting
 69081 | Depths:2 | Found Gozag's Assorted Antiques.
 69086 | Depths:2 | Found an opulent altar of Gozag.
 69144 | Depths:2 | Found Gozag's Antique Armour Emporium.
 69631 | Depths:2 | Noticed a caustic shrike
 69631 | Depths:2 | Noticed a caustic shrike
 69631 | Depths:2 | Noticed a caustic shrike
 69631 | Depths:2 | Noticed a caustic shrike
 69631 | Depths:2 | Noticed a caustic shrike
 69641 | Depths:2 | Killed a caustic shrike
 69642 | Depths:2 | Killed a caustic shrike
 69647 | Depths:2 | Killed a caustic shrike
 69648 | Depths:2 | Killed a caustic shrike
 69781 | Depths:2 | Killed a caustic shrike
 69999 | Depths:2 | Bought a warped cloak for 950 gold pieces
 69999 | Depths:2 | Identified the +0 cloak "Quufiz" {rC++} (You bought it in a
                  | shop on level 2 of the Depths)
 70279 | Depths:2 | Found Loyroam's Book Shop.
 70728 | Depths:3 | Identified the +7 scimitar of Forced Transition {chaos,
                  | Stlth+}
 70743 | Depths:3 | Noticed a caustic shrike
 70909 | Depths:3 | Noticed a caustic shrike
 70909 | Depths:3 | Noticed a caustic shrike
 71141 | Depths:3 | Found an ornate altar of the Wu Jian Council.
 71359 | Depths:3 | Found a corrupted altar of Lugonu.
 71553 | Depths:3 | Killed a caustic shrike
 71561 | Depths:3 | Killed a caustic shrike
 71566 | Depths:3 | Killed a caustic shrike
 71815 | Depths:4 | Entered Level 4 of the Depths
 71817 | Depths:4 | Noticed a juggernaut
 71819 | Depths:4 | Noticed Boris
 72116 | Vaults:5 | Entered Level 5 of the Vaults
 72149 | Vaults:5 | Reached XP level 26. HP: 189/192 MP: 0/0
 72214 | Vaults:5 | Noticed a dread lich
 72401 | Vaults:5 | Noticed a dread lich
 72416 | Vaults:5 | Noticed an ancient lich
 72974 | Vaults:5 | Reached skill level 22 in Spellcasting
 73033 | Vaults:5 | Killed a dread lich
 73155 | Vaults:5 | Killed a dread lich
 73558 | Vaults:5 | Got a silver rune of Zot
 73612 | Vaults:5 | Identified the +3 morningstar of Xockuud {freeze, rElec}
 73616 | Vaults:5 | Identified the +7 fustibalus of Muluirir {flame, rF- rC+++
                  | Dex-4 Stlth+}
 73833 | Vaults:5 | Killed an ancient lich
 73941 | Vaults:5 | Identified the +1 ring mail "Wueponu" {-Cast +Blink Regen+}
 74705 | Elf:2    | Bought a smoking leather armour for 224 gold pieces
 74705 | Elf:2    | Identified the +1 leather armour of Card Tricks {-Tele
                  | Dex+7} (You bought it in a shop on level 2 of the Elven
                  | Halls)
 74705 | Elf:2    | Bought a translucent leather armour for 224 gold pieces
 74705 | Elf:2    | Identified the +0 leather armour of Xom's Esteem {rF++
                  | Str-5 Int+4} (You bought it in a shop on level 2 of the
                  | Elven Halls)
 74943 | Shoals:1 | Bought 2 potions of resistance for 260 gold pieces
 74943 | Shoals:1 | Bought a potion of brilliance for 52 gold pieces
 74943 | Shoals:1 | Bought a potion of curing for 39 gold pieces
 74949 | Shoals:1 | Bought a potion of curing for 54 gold pieces
 74949 | Shoals:1 | Bought 2 potions of curing for 108 gold pieces
 74949 | Shoals:1 | Bought a potion of cancellation for 144 gold pieces
 74949 | Shoals:1 | Bought a potion of curing for 54 gold pieces
 74949 | Shoals:1 | Bought a potion of resistance for 180 gold pieces
 75161 | D:5      | Bought 2 potions of mutation for 192 gold pieces
 75295 | D:14     | Bought an ichor-stained chain mail for 247 gold pieces
 75295 | D:14     | Identified the +0 chain mail of Immorality {Harm *Slow
                  | +Inv} (You bought it in a shop on level 14 of the Dungeon)
 75369 | Depths:2 | Bought a scroll of enchant armour for 750 gold pieces
 75590 | Depths:4 | Reached XP level 27. HP: 189/201 MP: 0/0
 75590 | Depths:4 | Learned a level 9 spell: Shatter
 75605 | Depths:4 | Found an iron altar of Okawaru.
 75626 | Depths:4 | Killed Boris
 75928 | Depths:4 | Found a gate to the Realm of Zot.
 76023 | Depths:4 | Killed a juggernaut
 76198 | Depths:4 | Reached skill level 23 in Spellcasting
 76210 | Depths:4 | Found Qiclun's Weapon Shoppe.
 76213 | Depths:4 | Found Hugre's Armour Shoppe.
 76213 | Depths:4 | Found Kinug's Antique Weapon Emporium.
 76311 | Depths:4 | Found Jadwuw's Magic Scroll Emporium.
 76331 | Depths:4 | Bought a scroll of fear for 56 gold pieces
 76331 | Depths:4 | Bought a scroll of blinking for 120 gold pieces
 76331 | Depths:4 | Bought a scroll of fog for 32 gold pieces
 76331 | Depths:4 | Bought a scroll of teleportation for 48 gold pieces
 76843 | Depths:4 | Found an iron altar of Okawaru.
 77057 | Depths:4 | Found a gate to the Realm of Zot.
 77096 | Depths:4 | Found Qiclun's Weapon Shoppe.
 77098 | Depths:4 | Found Hugre's Armour Shoppe.
 77098 | Depths:4 | Found Kinug's Antique Weapon Emporium.
 77102 | Depths:4 | Found Jadwuw's Magic Scroll Emporium.
 77341 | Zot:1    | Entered Level 1 of the Realm of Zot
 79305 | Zot:5    | Entered Level 5 of the Realm of Zot
 79705 | Zot:5    | Reached skill level 24 in Spellcasting
 80139 | Zot:5    | Noticed an ancient lich
 80143 | Zot:5    | Killed an ancient lich
 80150 | Zot:5    | Noticed a Killer Klown
 80155 | Zot:5    | Killed a Killer Klown
 80250 | Zot:5    | Noticed a Killer Klown
 80292 | Zot:5    | Killed a Killer Klown
 80352 | Zot:5    | Noticed an orb of fire
 80356 | Zot:5    | Killed an orb of fire
 80602 | Zot:5    | Noticed an orb of fire
 80603 | Zot:5    | Gained mutation: Your body sometimes deteriorates upon
                  | taking damage. [an orb of fire]
 80605 | Zot:5    | Gained mutation: You are frail. (-10% HP) [an orb of fire]
 80606 | Zot:5    | Killed an orb of fire
 80637 | Zot:4    | Lost mutation: You are frail. (-10% HP) [potion of
                  | mutation]
 80637 | Zot:4    | Lost mutation: Your body sometimes deteriorates upon taking
                  | damage. [potion of mutation]
 80637 | Zot:4    | Gained mutation: You have a beak for a mouth. [potion of
                  | mutation]
 80637 | Zot:4    | Gained mutation: You are clumsy. (Dex -2) [potion of
                  | mutation]
 80637 | Zot:4    | Gained mutation: Your mind is acute. (Int +2) [potion of
                  | mutation]
 81295 | Zot:5    | Noticed a dread lich
 81298 | Zot:5    | Killed a dread lich
 81304 | Zot:5    | Noticed an orb of fire
 81309 | Zot:5    | Killed an orb of fire
 81428 | Zot:5    | Noticed a Killer Klown
 81433 | Zot:5    | Killed a Killer Klown
 81577 | Zot:5    | Noticed a Killer Klown
 81581 | Zot:5    | Killed a Killer Klown
 81871 | Zot:5    | Noticed an orb of fire
 81875 | Zot:5    | Killed an orb of fire
 81909 | Zot:5    | Noticed an orb of fire
 81914 | Zot:5    | Killed an orb of fire
 81920 | Zot:5    | Noticed a Killer Klown
 81924 | Zot:5    | Killed a Killer Klown
 82256 | Zot:5    | Got the Orb of Zot
 82261 | Zot:5    | Noticed Yfadaf the pandemonium lord
 82531 | Depths:1 | Noticed a seraph
 82856 | D:$      | Escaped with the Orb!

Illustrated notes

Levels and vault maps discovered:
D:1:      wander_arrival_lonely_grave, layout_basic
D:2:      layout_basic, chequers_serial_rivers_micro_a, chequers_garden
D:3:      layout_basic, uniq_crazy_yiuf_cottage, uniq_sigmund, uniq_grinder
D:4:      layout_loops_ring, st_stairs_14, hangedman_glass_teeth, minivault_24
D:5:      layout_gridville, serial_shops, shop
D:6:      layout_rooms, minmay_temple_entry_trees,
          gammafunk_ghost_nasty_kobolds, nicolae_shop_clearance
D:7:      layout_layer_cave, kennysheep_nondescript
D:8:      layout_loops_corners, enter_bailey_5
D:9:      layout_gridville, evilmike_ruin_ashenzari
D:10:     layout_basic, nzn_ghost_randoct, moated_statue, kennysheep_island_fort
D:11:     layout_loops_ring, lair_entry_dummy
D:12:     layout_layer_cave, orc_0_dummy, worldfamousw_hep_ancestral_shrine
D:13:     layout_basic, gauntlet_entry_generic, serial_bayou_crossing
D:14:     layout_rooms, david_vaults_2, serial_shops,
          nicolae_shop_hallway_stairs
D:15:     gammafunk_enter_depths_forms, layout_irregular_city,
          minmay_misc_feat_enclosed, minivault_7, uniq_jorgrun
Lair:1:   layout_layer_cave
Lair:2:   layout_layer_cave, dummy_snake_entry, minmay_lindwurm_lava
Lair:3:   layout_gridlike, minmay_shoals_entry_centaurs, serial_bayou_shore_a,
          grunt_megastairs_2
Lair:4:   layout_small_grid, grunt_forest_large_clearings
Lair:5:   layout_hall_layers
Lair:6:   minmay_lair_end_frog_pond, layout_long_grid, dpeg_slime_entry_corner,
          special_room [special_room_mythical_zoo], serial_bayou_pond_c,
          guppyfry_lair_drakes
Shoals:1: layout_shoals, ebering_ghost_davey_jones, serial_shops, shop,
          nicolae_shop_behind_doors, shop_statue, nicolae_shop_behind_doors,
          nicolae_take_the_stairs, lemuel_oklob_altar
Shoals:2: layout_shoals, portal_ice_cave_entry_pillars_four, serial_shops, shop,
          nicolae_shoals_kraken_intersection
Shoals:3: cheibrodos_shoals_gigantism, layout_shoals, st_shoals_ruin,
          uniq_kirke, uniq_polyphemus
Shoals:4: shoals_end_hellmonk_lost_city
Snake:1:  layout_misc_corridors, lemuel_fruit_tree
Snake:2:  layout_chambers, uniq_aizul, uniq_agnes
Snake:3:  layout_layer_cave, serial_shops, shop, nicolae_shop_window_shopping,
          shop, nicolae_diamond_shop, uniq_nikola
Snake:4:  johnstein_snake_rune_scales, layout_cave_town
Orc:1:    layout_caves, uniq_maurice
Orc:2:    pf_orc_diabolical, layout_diamond_mine, basic_altar, serial_shops,
          bzr_entry_customers, nicolae_shop_behind_doors
Elf:1:    layout_loops_corners, minmay_elf_necromancy, minmay_misc_feat_ornament
Elf:2:    elven_hall_of_blades_hangedman_original
          [nicolae_blade_entry_splitting_headache], layout_geoelf_octagon,
          serial_shops, bzr_entry_lakeside, shop, drop_trap, minmay_elf_sorcery
Elf:3:    minmay_elf_hall_not_hex, layout_geoelf_diagonals, serial_shops,
          nicolae_shop_advertising_works [nicolae_subvault_shop_adworks]
Vaults:1: nicolae_vaults_little_squares_6, grunt_vaults_trifunnel,
          nicolae_vaults_an_arrangement, ontoclasm_vaults_decontamination,
          nicolae_vaults_mini_display_case, ontoclasm_vaults_gateway,
          vaults_room_grunt_arrival_ludios, hangedman_vaults_capsules,
          nicolae_vaults_alarming, layout_vaults_quadrants, serial_shops,
          nicolae_lakefront_shop
Vaults:2: v_misc_4, vaults_room_grunt_arrival_checkpoint,
          nicolae_vaults_fighting_squares, blue_anna_dwarven_crypt,
          vaults_room_grid, dpeg_vaults_monster_box,
          nicolae_vaults_puzzle_piece, v_misc_12, v_misc_8,
          ontoclasm_vaults_shuriken, nicolae_vaults_diagonal_hallway_6,
          vaults_room_door_hall, nicolae_vaults_rhombus_6,
          layout_vaults_omnibox, uniq_xtahua
Vaults:3: minmay_guarded_unrand_guard_vaults, hangedman_vaults_impose,
          hangedman_vaults_unwind, vaults_standard_mumra_x,
          ontoclasm_vaults_twist, hangedman_vaults_slice, vaults_room_hallway,
          layout_vaults_chaotic_city, serial_shops, shop
Vaults:4: portal_desolation_entry_twin_temple, v_misc_25,
          hangedman_vaults_restitches, nicolae_vaults_hallways_thing,
          hangedman_vaults_stagger, hangedman_vaults_trim, v_misc_9,
          dpeg_vaults_monster_row, vaults_room_pools,
          grunt_vaults_hallway_short, nicolae_vaults_little_squares_2,
          v_pattern_3, hangedman_vaults_corner_blocks,
          vaults_room_guarded_vault, layout_vaults_maze_bifur, serial_shops,
          nicolae_shop_bloodbath_and_beyond,
          nicolae_shop_temple_entry_statues_fountains, nicolae_shop_crystal
Vaults:5: serial_shops
Depths:1: layout_cave_pools, minmay_room_of_horrors, hell_entry,
          hangedman_abyss_or_decor_slice, lemuel_blue_sif_altar
Depths:2: kennysheep_gozag_temple, layout_honeycomb, enter_ziggurat_a,
          grunt_mini_vestibule, serial_shops, shop, rand_demon_pan_entry_3,
          kennysheep_generic_room_11
Depths:3: minmay_cut_squares, layout_small_grid,
          pdpol_wu_jian_five_deadly_venoms, hell_entry, abyss_entry_flame_altar,
          kennysheep_opposing_triangles
Depths:4: evilmike_zot_entry_argh, layout_cave_pools, rand_demon_pan_entry_5,
          grunt_hell_entry_dis_mu, okawaru_altar_gauntlet_db, minmay_shoptagon,
          uniq_boris
Zot:1:    layout_basic, st_stairs_12, hangedman_snake_sidewinding
Zot:2:    layout_misc_corridors
Zot:3:    layout_twisted_circle, serial_nicolae_subway,
          nicolae_sub_station_stone, nicolae_sub_station_metal,
          nicolae_sub_station_crystal
Zot:4:    layout_twisted_circle
Zot:5:    layout_gridville

Skill      XL: |  1  2  3  4  5  6  7  8  9 10 11 12 13 14 15 16 17 18 19 20 21 22 23 24 25 26 27 |
---------------+----------------------------------------------------------------------------------+-----
Short Blades   | 3 4 |  4.0
Spellcasting   | 3 4 5 6 7 9 10 11 12 13 14 15 16 17 18 19 20 21 22 24 | 24.8
Dodging        | 1 3 5 6 8 10 11 12 13 14 15 16 17 18 19 20 21 23 | 23.7
Armour         | 1 3 4 6 8 |  8.2
Fighting       | 4 5 6 7 8 9 10 11 12 13 14 15 16 17 18 19 | 19.4
Shields        | 4 6 7 8 10 13 15 16 17 18 | 18.0
Evocations     | 6 8 |  8.0
Stealth        | 5 8 |  8.0

Action                   |  1- 3 |  4- 6 |  7- 9 | 10-12 | 13-15 | 16-18 | 19-21 | 22-24 | 25-27 || total
-------------------------+-------+-------+-------+-------+-------+-------+-------+-------+-------++-------
Melee: Short sword       |    35 |     6 |       |     4 |       |       |       |       |       ||    45
       Dagger            |       |       |       |    26 |    34 |    95 |    11 |       |       ||   166
       Punch             |       |       |       |       |     1 |       |       |       |       ||     1
Throw: Boomerang         |    14 |     9 |    12 |       |       |       |       |       |       ||    35
 Cast: Scorch            |    34 |    48 |   130 |   232 |   255 |   301 |    69 |    39 |    14 ||  1122
       Animate Skeleton  |    10 |    10 |     8 |     5 |       |       |       |       |       ||    33
       Tukima's Dance    |       |       |     6 |    21 |       |    86 |    20 |       |       ||   133
       Summon Ice Beast  |       |       |     9 |    42 |    44 |    87 |    17 |     2 |     2 ||   203
       Static Discharge  |       |       |       |     4 |     1 |    38 |    16 |    27 |    10 ||    96
       Freezing Cloud    |       |       |       |    41 |   116 |   247 |    89 |    18 |     3 ||   514
       Lightning Bolt    |       |       |       |       |    18 |    23 |    11 |    18 |    39 ||   109
       Summon Cactus Gia |       |       |       |       |     4 |    49 |    26 |    10 |     8 ||    97
       Ozocubu's Refrige |       |       |       |       |       |       |   258 |   441 |   519 ||  1218
       Conjure Ball Ligh |       |       |       |       |       |       |    75 |    54 |    19 ||   148
       Disjunction       |       |       |       |       |       |       |     1 |       |     2 ||     3
       Maxwell's Capacit |       |       |       |       |       |       |       |       |    64 ||    64
       Shatter           |       |       |       |       |       |       |       |       |    17 ||    17
Invok: Fiery Armour      |     2 |     1 |       |     3 |       |     2 |     1 |       |     2 ||    11
       Rising Flame      |       |       |       |     1 |       |       |       |       |       ||     1
Evoke: Wand              |       |       |       |       |     1 |     4 |     2 |       |    19 ||    26
       Box of beasts     |       |       |       |       |       |     1 |       |       |       ||     1
       Phantom mirror    |       |       |       |       |       |       |     3 |     1 |     1 ||     5
       Tin of tremorston |       |       |       |       |       |       |       |     1 |       ||     1
       Phial of floods   |       |       |       |       |       |       |       |       |     1 ||     1
  Use: Scroll            |       |     5 |     4 |     6 |     7 |     8 |     7 |     3 |    24 ||    64
       Potion            |       |       |     2 |     5 |     4 |     2 |     5 |       |     9 ||    27
 Stab: Distracted        |       |       |       |       |       |     1 |       |       |       ||     1
Armor: Robe              |     7 |     8 |       |       |       |       |    22 |    12 |    20 ||    69
       Ring mail         |       |       |    35 |    57 |   106 |   136 |    16 |       |       ||   350
       Skin              |       |       |     3 |     6 |     1 |       |       |       |       ||    10
Dodge: Dodged            |    21 |    11 |    20 |    83 |   112 |   188 |    85 |    94 |   156 ||   770
Block: Kite shield       |       |       |       |       |       |   170 |    81 |    68 |   127 ||   446
